Map: Cryptic Fortress

Players

Gracz - Winner!

  • Race: Terran Terran
  • Spawn Location: 6:00

VendS - Winner!

  • Race: Protoss Protoss
  • Spawn Location: 5:00

zersin

  • Race: Protoss Protoss
  • Spawn Location: 9:00

NajebanY - Winner!

  • Race: Zerg Zerg
  • Spawn Location: 7:00

johnnkors

  • Race: Zerg Zerg
  • Spawn Location: 3:00

nokes

  • Race: Terran Terran
  • Spawn Location: 12:00

Tobis

  • Race: Terran Terran
  • Spawn Location: 12:00

MikeVOL - Winner!

  • Race: Protoss Protoss
  • Spawn Location: 6:00

VOD

Have the link to the VOD?

Description

Time

  • Played on: March 11, 2016, 4:53 p.m.
  • Length: 16:13
Show
View Real Time Build Order
Export as new Build Order

Gracz Terran - Winner!

Build Orders:  

Get SALT Encoding   

  12  0:01  SCV  
  13  0:13  SCV  
  14  0:31  Supply Depot  
  14  0:57  Command Center  
  14  1:11  Barracks  
  14  1:12  SCV  
  14  1:16  Refinery  
  15  1:48  Barracks  
  15  1:57  Engineering Bay, SCV  
  16  2:05  Engineering Bay  
  16  2:09  SCV  
  16  2:13  Refinery  
  17  2:19  SCV  
  17  2:21  SCV  
  19  2:31  SCV  
  20  2:43  SCV  
  21  2:48  Marine  
  21  2:49  Marine  
  23  2:55  SCV  
  24  3:07  SCV  
  24  3:12  Barracks Reactor x2  
  25  3:20  Orbital Command  
  25  3:21  Orbital Command  
  25  3:22  Refinery  
  25  3:27  Refinery  
  25  3:29  Terran Infantry Weapons Level 1  
  25  3:39  Engineering Bay  
  25  4:07  Reaper x4  
  25  4:09  SCV  
  30  4:13  SCV  
  31  4:22  SCV  
  32  4:24  Terran Infantry Armor Level 1  
  32  4:25  SCV  
  33  4:35  Supply Depot  
  33  4:38  SCV  
  34  4:50  SCV  
  35  5:00  Factory  
  35  5:02  SCV  
  36  5:08  Factory  
  36  5:14  Factory  
  36  5:20  Barracks  
  36  5:22  Barracks  
  36  5:27  Barracks  
  36  5:39  Ghost Academy  
  36  5:51  Factory Tech Lab  
  36  5:52  Factory Tech Lab  
  36  5:57  Factory Tech Lab  
  36  6:12  SCV x2  
  36  6:15  Barracks Reactor  
  38  6:18  Barracks Tech Lab x2  
  38  6:24  SCV x2  
  40  6:30  Barracks  
  40  6:33  Supply Depot  
  40  6:51  Barracks Tech Lab  
  40  6:59  Factory  
  40  7:22  Armory  
  40  7:26  Armory  
  40  7:30  Armory  
  40  7:31  Building Armor, Neosteel Frame  
  40  7:32  Hi-Sec Auto Tracking  
  40  7:44  Factory Reactor  
  40  7:55  Starport  
  40  7:58  Starport  
  40  8:01  Starport  
  40  8:03  Starport  
  40  8:18  Supply Depot  
  40  8:20  Supply Depot  
  40  8:21  Supply Depot  
  40  8:22  SCV  
  40  8:23  Supply Depot  
  40  8:24  SCV  
  42  8:34  SCV  
  42  8:36  SCV  
  42  8:41  Starport Tech Lab x2  
  44  8:42  Starport Tech Lab x2  
  44  8:43  Starport  
  44  8:47  SCV  
  45  8:48  SCV  
  46  9:13  Barracks Reactor  
  46  9:36  Starport Reactor  
  46  10:13  Reaper x6  
  52  10:16  Ghost  
  52  10:17  Marauder x2  
  52  10:19  Personal Cloaking  
  58  10:31  Fusion Core  
  58  10:33  Terran Vehicle Weapons Level 1  
  58  10:34  Terran Vehicle And Ship Armor Level 1, Terran Ship Weapons Level 1  
  58  10:37  Terran Infantry Armor Level 2, Terran Infantry Weapons Level 2  
  58  10:38  Marauder  
  58  10:41  Drilling Claws  
  60  10:44  Mag-Field Accelerator  
  60  10:45  Marine x5, Reaper  
  66  11:02  Marine  
  66  11:03  Marine x4  
  71  11:17  Marine  
  72  11:20  Marine x2  
  72  11:21  Marine x3  
  77  11:28  Thor  
  77  11:31  Hellion  
  85  11:34  Marine  
  85  11:35  Supply Depot  
  86  11:43  Thor  
  86  11:44  Hellion x2, Marine x5  
  86  11:45  Nuke  
  101  11:52  Marine  
  102  11:57  Hellion  
  104  12:02  Marine x5  
  109  12:09  Supply Depot  
  109  12:10  Marine  
  110  12:19  Supply Depot  
  110  12:30  Medivac x2  
  110  12:34  Marauder  
  110  12:35  Marauder x2  
  120  12:56  Marauder x3  
  126  13:00  Medivac x2  
  130  13:12  Supply Depot  
  130  13:16  Supply Depot  
  130  13:17  Marauder  
  130  13:18  Marauder x2  
  136  13:38  Marauder  
  136  13:39  Marauder x2  
  142  14:13  Banshee  
  142  14:14  Banshee x3  
  154  14:42  Combat Shields  
  154  14:43  Concussive Shells  
  154  14:46  Infernal Pre-Igniter  
  154  14:56  Banshee  
  157  15:20  Supply Depot x2  
  157  15:23  Supply Depot  
Show
View Real Time Build Order
Export as new Build Order

VendS Protoss - Winner!

Build Orders: Double Forge, Nexus First 

Get SALT Encoding   

  12  0:03  Probe (Chrono Boost)  
  14  0:14  Probe (Chrono Boost)  
  14  0:20  Pylon  
  14  0:24  Probe (Chrono Boost)  
  15  0:38  Probe (Chrono Boost)  
  16  1:03  Nexus  
  16  1:09  Probe (Chrono Boost)  
  17  1:17  Assimilator  
  17  1:20  Probe (Chrono Boost)  
  18  1:38  Assimilator  
  18  1:41  Gateway  
  18  2:08  Pylon, Probe (Chrono Boost)  
  19  2:09  Pylon  
  19  2:12  Pylon x2  
  19  2:18  Probe (Chrono Boost)  
  21  2:22  Probe (Chrono Boost)  
  21  2:29  Probe (Chrono Boost)  
  22  2:33  Probe (Chrono Boost)  
  23  2:43  Forge, Probe (Chrono Boost)  
  23  3:07  Cybernetics Core  
  23  3:12  Zealot  
  25  3:18  Photon Cannon  
  25  3:19  Photon Cannon  
  25  3:21  Photon Cannon  
  25  3:24  Photon Cannon  
  25  3:34  Forge  
  18  3:55  Forge  
  17  4:17  Photon Cannon  
  17  4:22  Probe (Chrono Boost)  
  18  4:32  Mothership Core (Chrono Boost)  
  18  4:33  Probe (Chrono Boost)  
  21  4:43  Probe (Chrono Boost)  
  22  4:54  Probe (Chrono Boost)  
  22  4:57  Robotics Facility  
  23  5:08  Protoss Shields Level 1  
  23  5:10  Protoss Ground Weapons Level 1  
  24  5:21  Probe (Chrono Boost)  
  24  5:32  Probe (Chrono Boost)  
  25  5:52  Nexus  
  25  5:56  Probe x2 (Chrono Boost)  
  27  6:05  Pylon  
  27  6:07  Probe x2 (Chrono Boost)  
  27  6:08  Assimilator  
  29  6:17  Probe x2 (Chrono Boost)  
  31  6:28  Probe x2 (Chrono Boost)  
  33  6:34  Assimilator  
  33  6:38  Probe x2 (Chrono Boost)  
  35  6:46  Robotics Bay  
  35  6:49  Probe (Chrono Boost)  
  35  6:52  Probe (Chrono Boost)  
  37  6:59  Probe (Chrono Boost)  
  38  7:03  Probe (Chrono Boost)  
  38  7:05  Probe (Chrono Boost)  
  40  7:10  Probe (Chrono Boost)  
  40  7:14  Probe (Chrono Boost)  
  42  7:16  Probe (Chrono Boost)  
  42  7:20  Probe (Chrono Boost)  
  44  7:24  Probe (Chrono Boost)  
  44  7:27  Probe (Chrono Boost)  
  46  7:31  Probe (Chrono Boost), Cybernetics Core  
  46  7:32  Disruptor  
  46  7:34  Pylon  
  46  7:35  Probe (Chrono Boost)  
  51  7:37  Probe (Chrono Boost)  
  51  7:41  Probe (Chrono Boost)  
  53  7:45  Probe (Chrono Boost)  
  53  7:47  Assimilator  
  53  7:48  Probe (Chrono Boost)  
  55  7:52  Assimilator, Probe (Chrono Boost)  
  55  7:56  Probe (Chrono Boost)  
  58  7:58  Probe (Chrono Boost)  
  58  8:02  Probe (Chrono Boost)  
  58  8:04  Pylon  
  59  8:06  Probe (Chrono Boost)  
  59  8:07  Pylon  
  59  8:09  Probe (Chrono Boost)  
  59  8:10  Pylon  
  61  8:14  Pylon  
  61  8:28  Probe (Chrono Boost)  
  61  8:29  Robotics Facility  
  61  8:31  Probe (Chrono Boost)  
  61  8:32  Robotics Facility, Pylon  
  63  8:34  Probe (Chrono Boost)  
  63  8:37  Pylon  
  63  8:39  Probe (Chrono Boost)  
  65  8:41  Probe (Chrono Boost)  
  65  8:44  Probe (Chrono Boost), Gateway  
  65  8:46  Gateway  
  65  8:47  Gateway  
  67  8:49  Warp Gate (Chrono Boost), Probe (Chrono Boost)  
  67  8:50  Probe (Chrono Boost)  
  67  8:54  Probe  
  70  9:01  Probe  
  71  9:03  Stalker  
  71  9:06  Disruptor  
  76  9:11  Probe  
  76  9:15  Disruptor  
  80  9:19  Disruptor  
  83  9:26  Protoss Ground Armor Level 1  
  83  9:37  Twilight Council  
  83  9:41  Disruptor  
  86  9:51  Disruptor  
  86  9:52  Pylon  
  89  9:55  Disruptor  
  89  9:57  Pylon  
  89  9:58  Pylon  
  92  10:42  Disruptor  
  92  10:43  Disruptor x2  
  96  11:18  Disruptor x3  
  105  11:54  Disruptor x3  
  109  12:29  Disruptor  
  109  12:30  Disruptor x2  
  118  13:05  Disruptor x2  
  124  13:14  Disruptor  
  127  13:22  Protoss Ground Weapons Level 2 (Chrono Boost)  
  127  13:23  Protoss Shields Level 2 (Chrono Boost)  
  127  13:41  Disruptor x2  
  133  13:50  Disruptor  
  133  13:55  Nexus  
  136  13:59  Assimilator  
  136  14:02  Assimilator  
  136  14:06  Pylon  
  136  14:07  Pylon  
  136  14:11  Pylon  
  136  14:13  Pylon  
  136  14:16  Disruptor  
  121  15:20  Disruptor x3  
Show
View Real Time Build Order
Export as new Build Order

zersin Protoss 

Build Orders:  

Get SALT Encoding   

  12  0:05  Probe (Chrono Boost)  
  13  0:15  Probe (Chrono Boost)  
  13  0:19  Pylon  
  14  0:32  Probe (Chrono Boost)  
  15  0:40  Forge  
  15  0:43  Probe (Chrono Boost)  
  16  0:50  Pylon  
  16  0:55  Probe (Chrono Boost)  
  17  1:03  Assimilator  
  17  1:06  Assimilator  
  17  1:15  Photon Cannon  
  17  1:25  Photon Cannon  
  17  1:36  Gateway  
  17  1:38  Probe (Chrono Boost)  
  18  1:49  Probe (Chrono Boost)  
  19  1:59  Probe (Chrono Boost)  
  20  2:14  Nexus  
  20  2:18  Probe (Chrono Boost)  
  21  2:27  Assimilator  
  21  2:29  Probe (Chrono Boost)  
  22  2:33  Assimilator  
  22  2:39  Pylon, Probe (Chrono Boost)  
  23  2:48  Pylon  
  23  2:50  Probe (Chrono Boost)  
  24  2:55  Pylon  
  24  3:00  Probe (Chrono Boost)  
  25  3:07  Cybernetics Core  
  25  3:11  Probe (Chrono Boost)  
  26  3:21  Probe (Chrono Boost)  
  27  3:29  Photon Cannon  
  27  3:32  Probe (Chrono Boost)  
  27  3:33  Photon Cannon  
  28  3:42  Probe (Chrono Boost)  
  29  3:53  Probe (Chrono Boost)  
  30  3:59  Pylon  
  30  4:01  Probe (Chrono Boost)  
  31  4:03  Probe (Chrono Boost)  
  32  4:12  Probe (Chrono Boost)  
  32  4:14  Probe (Chrono Boost)  
  34  4:21  Nexus  
  34  4:22  Probe (Chrono Boost)  
  35  4:29  Stargate  
  35  4:35  Probe x2 (Chrono Boost)  
  38  4:45  Probe (Chrono Boost)  
  38  4:56  Nexus  
  38  4:58  Probe x2 (Chrono Boost)  
  40  5:08  Probe x2 (Chrono Boost)  
  42  5:15  Stargate  
  42  5:19  Probe x2 (Chrono Boost)  
  42  5:20  Pylon  
  44  5:27  Stargate  
  44  5:30  Assimilator, Mothership Core (Chrono Boost)  
  46  5:36  Assimilator  
  46  5:38  Pylon  
  46  5:43  Pylon  
  46  5:48  Probe x3 (Chrono Boost)  
  49  5:58  Probe x2 (Chrono Boost)  
  49  5:59  Probe (Chrono Boost)  
  49  6:00  Assimilator  
  49  6:03  Assimilator  
  52  6:09  Probe x3 (Chrono Boost)  
  55  6:19  Probe (Chrono Boost)  
  55  6:21  Fleet Beacon  
  55  6:22  Probe x3 (Chrono Boost)  
  59  6:30  Pylon, Probe (Chrono Boost)  
  59  6:32  Probe x3 (Chrono Boost)  
  63  6:40  Probe (Chrono Boost)  
  63  6:43  Probe x3 (Chrono Boost), Photon Cannon  
  67  6:48  Photon Cannon  
  67  6:51  Probe (Chrono Boost), Photon Cannon  
  67  6:53  Probe (Chrono Boost)  
  69  6:54  Pylon  
  69  6:58  Pylon  
  69  7:14  Probe x2 (Chrono Boost)  
  69  7:15  Probe x2 (Chrono Boost)  
  69  7:25  Probe x4 (Chrono Boost)  
  69  7:26  Carrier x2  
  69  7:27  Carrier  
  91  7:35  Pylon, Probe (Chrono Boost)  
  91  7:36  Probe (Chrono Boost)  
  92  7:56  Probe x3 (Chrono Boost)  
  92  8:06  Probe x2 (Chrono Boost)  
  92  8:07  Probe (Chrono Boost)  
  95  8:17  Probe x3 (Chrono Boost)  
  98  8:22  Stargate  
  98  8:25  Pylon  
  98  8:27  Stargate, Probe (Chrono Boost)  
  98  8:28  Probe x2 (Chrono Boost)  
  23  9:35  Photon Cannon  
  22  9:39  Photon Cannon  
  22  9:41  Pylon  
  22  9:43  Pylon  
  15  9:46  Pylon  
  10  10:04  Nexus  
  10  10:05  Pylon  
  7  10:07  Pylon  
  7  10:10  Pylon  
  7  10:18  Assimilator  
  7  10:19  Assimilator  
  7  11:02  Pylon  
  6  11:08  Pylon  
  6  11:22  Probe (Chrono Boost)  
  7  11:32  Forge, Probe (Chrono Boost)  
  8  11:43  Probe (Chrono Boost)  
  9  11:54  Probe (Chrono Boost)  
  4  12:21  Nexus  
  4  12:47  Nexus  
  3  13:22  Pylon  
  2  13:40  Nexus  
  2  13:45  Pylon  
  1  14:20  Pylon  
  1  14:23  Nexus  
  1  14:28  Pylon  
  1  14:32  Pylon  
  1  15:45  Nexus  
  1  15:51  Nexus  
Show
View Real Time Build Order
Export as new Build Order

NajebanY Zerg - Winner!

Build Orders: 3 Hatch before Pool 

Get SALT Encoding   

  12  0:01  Drone  
  13  0:08  Drone  
  14  0:17  Extractor  
  14  0:18  Drone  
  15  0:40  Hatchery  
  14  0:44  Extractor  
  14  0:45  Drone  
  15  1:18  Hatchery  
  14  1:22  Spawning Pool  
  13  1:30  Drone  
  14  1:34  Overlord  
  14  1:44  Extractor  
  14  1:46  Drone  
  14  1:51  Drone  
  15  1:55  Drone x2  
  17  2:08  Drone  
  17  2:10  Drone  
  17  2:13  Drone  
  20  2:16  Drone  
  21  2:24  Drone  
  21  2:25  Drone  
  21  2:29  Extractor  
  22  2:30  Drone  
  22  2:36  Drone x2  
  25  2:41  Drone  
  26  2:46  Lair  
  26  2:47  Drone x2  
  28  2:53  Extractor  
  28  2:54  Drone  
  28  2:55  Extractor  
  27  3:00  Drone  
  27  3:01  Drone  
  29  3:06  Drone  
  29  3:07  Drone x2  
  29  3:12  Queen  
  32  3:14  Overlord  
  34  3:24  Overlord  
  34  3:30  Extractor  
  34  3:31  Extractor, Drone  
  34  3:32  Drone  
  34  3:33  Drone x2  
  36  3:35  Drone  
  36  3:39  Drone x2  
  39  3:45  Drone  
  40  3:50  Drone x2  
  42  3:57  Drone  
  43  4:04  Spire, Drone  
  43  4:05  Drone  
  43  4:07  Drone  
  45  4:12  Drone x2  
  47  4:17  Drone  
  47  4:18  Queen  
  47  4:22  Overlord  
  47  4:23  Overlord  
  50  4:28  Overlord  
  50  4:41  Drone x5  
  53  4:50  Drone  
  53  4:51  Drone x2  
  56  4:53  Drone x3  
  59  5:02  Overlord x3  
  59  5:19  Mutalisk x3  
  59  5:20  Mutalisk  
  67  5:23  Mutalisk  
  69  5:33  Overlord  
  69  5:36  Hatchery  
  69  5:37  Zerg Flyer Weapons Level 1, Mutalisk  
  69  5:38  Mutalisk x2  
  69  5:40  Mutalisk  
  76  5:42  Mutalisk  
  76  5:45  Extractor  
  77  5:50  Extractor  
  77  5:52  Mutalisk  
  77  5:53  Mutalisk x3  
  77  5:56  Mutalisk  
  84  6:00  Drone x2  
  88  6:07  Spire  
  87  6:11  Mutalisk  
  87  6:12  Mutalisk  
  87  6:13  Mutalisk  
  93  6:28  Mutalisk x4  
  93  6:29  Infestation Pit  
  100  6:36  Mutalisk  
  102  6:48  Drone x2  
  102  6:49  Drone x2  
  102  6:50  Drone  
  102  6:51  Drone  
  108  6:54  Overlord x4  
  108  6:55  Overlord  
  108  7:04  Drone x2  
  108  7:05  Drone x2  
  108  7:06  Drone, Spore Crawler  
  108  7:08  Overlord x2  
  112  7:14  Hive  
  112  7:20  Drone x2  
  114  7:30  Mutalisk  
  114  7:32  Mutalisk  
  118  7:39  Mutalisk x2  
  118  7:40  Mutalisk  
  118  7:43  Spine Crawler, Mutalisk  
  125  7:45  Spine Crawler  
  125  7:46  Mutalisk  
  125  7:47  Spine Crawler  
  125  7:48  Spine Crawler, Mutalisk  
  125  7:51  Mutalisk  
  126  7:56  Drone x3  
  131  7:59  Overseer  
  131  8:03  Pneumatized Carapace  
  131  8:04  Mutalisk  
  131  8:05  Mutalisk  
  135  8:12  Baneling Nest  
  134  8:14  Mutalisk x3  
  134  8:18  Metabolic Boost  
  138  8:46  Mutalisk x5  
  138  8:47  Mutalisk  
  146  9:06  Mutalisk  
  146  9:07  Mutalisk x3  
  154  9:24  Mutalisk  
  154  9:25  Mutalisk x2  
  154  9:28  Zergling x6  
  154  9:29  Zergling x10  
  154  9:31  Overlord x2  
  168  9:55  Mutalisk x5  
  168  9:56  Mutalisk  
  177  10:10  Zerg Flyer Weapons Level 2  
  177  10:12  Zerg Flyer Armor Level 1  
  177  10:16  Centrifical Hooks  
  172  10:58  Mutalisk  
  172  10:59  Mutalisk x5  
  172  11:13  Mutalisk  
  172  11:14  Mutalisk x4  
  180  11:38  Mutalisk x2  
  184  11:41  Overlord x5  
  184  12:10  Zergling x2  
  184  12:11  Zergling x20  
  195  12:31  Zergling x10  
  200  12:54  Extractor  
  200  12:55  Hatchery  
  200  12:56  Zergling x2  
  200  12:57  Zergling x8  
  199  12:58  Extractor  
  197  13:08  Hatchery  
  194  13:40  Zergling x14  
  198  14:13  Zergling x4  
  198  14:14  Zergling x2  
  185  15:43  Zergling x2  
  185  15:44  Zergling x26  
Show
View Real Time Build Order
Export as new Build Order

johnnkors Zerg 

Build Orders: Pool First 

Get SALT Encoding   

  12  0:04  Drone  
  13  0:14  Overlord  
  13  0:19  Drone  
  14  0:26  Extractor  
  14  0:27  Drone  
  14  0:35  Drone  
  15  0:44  Drone  
  16  0:52  Spawning Pool  
  16  0:56  Drone  
  16  0:59  Drone  
  17  1:10  Drone  
  18  1:22  Overlord  
  18  1:41  Zergling x2  
  18  1:43  Metabolic Boost  
  18  1:46  Zergling x2  
  20  1:59  Zergling x2  
  21  2:12  Zergling x2  
  22  2:20  Drone  
  22  2:21  Evolution Chamber  
  22  2:30  Zergling x2  
  22  2:36  Zergling x2  
  24  2:48  Zergling x2  
  25  3:33  Zergling x6  
  20  4:51  Lair, Extractor  
  17  5:01  Roach Warren  
  16  5:10  Drone x2  
  16  5:11  Drone  
  19  5:26  Drone  
  20  5:36  Hatchery  
  20  5:38  Baneling Nest  
  18  5:52  Zerg Ground Armor Level 1  
  18  5:59  Drone x3  
  21  6:13  Drone  
  23  6:26  Spire  
  22  6:35  Infestation Pit  
  22  6:39  Drone  
  22  6:43  Overlord  
  22  6:44  Overlord  
  22  6:53  Queen  
  24  6:57  Zergling x4  
  24  7:00  Zergling x2  
  27  7:05  Drone  
  25  7:51  Corruptor x4  
  25  7:52  Corruptor x2  
  37  8:09  Drone  
  37  8:10  Drone  
  39  8:15  Extractor, Drone  
  39  8:16  Extractor  
  38  8:25  Hive  
  38  8:28  Corruptor  
  38  8:29  Corruptor  
  42  8:37  Corruptor  
  42  8:40  Overlord x2  
  44  9:06  Corruptor  
  46  9:38  Drone x3  
  49  10:05  Corruptor x2  
  49  10:06  Corruptor x3  
  59  10:09  Overlord  
  59  10:38  Corruptor x2  
  59  10:39  Corruptor x2  
  41  11:17  Corruptor x3  
  41  11:18  Corruptor x2  
  34  11:24  Overseer  
  30  11:34  Overseer  
  30  11:55  Drone  
  30  12:01  Greater Spire  
  17  13:13  Brood Lord x5  
Show
View Real Time Build Order
Export as new Build Order

nokes Terran 

Build Orders:  

Get SALT Encoding   

  12  0:22  Supply Depot  
  12  0:40  SCV  
  13  0:45  Engineering Bay  
  13  0:52  SCV  
  14  1:05  SCV  
  15  1:16  Barracks  
  15  1:17  SCV  
  16  1:25  Barracks  
  16  1:29  SCV  
  17  1:41  SCV  
  17  1:44  Refinery  
  18  1:53  SCV  
  19  2:05  SCV  
  20  2:09  Refinery  
  20  2:15  Supply Depot  
  20  2:17  SCV  
  21  2:35  Marine  
  22  2:37  Bunker  
  22  2:49  Barracks  
  22  2:53  Marine  
  23  3:10  Marine  
  24  3:21  Missile Turret  
  24  3:22  Command Center  
  25  3:41  Missile Turret  
  25  3:44  Factory  
  25  3:48  Barracks Tech Lab  
  25  3:52  Barracks Reactor  
  26  4:10  Marauder  
  26  4:13  Missile Turret  
  27  4:28  Orbital Command  
  27  4:30  Barracks  
  28  4:31  Marauder  
  28  4:38  SCV  
  29  4:44  Refinery  
  29  4:45  Factory Tech Lab  
  29  4:50  SCV  
  29  4:51  Marine x2  
  34  4:52  Marauder  
  34  5:02  SCV  
  35  5:09  Marine  
  36  5:14  SCV  
  36  5:16  Supply Depot  
  37  5:21  Barracks Tech Lab  
  37  5:26  SCV  
  38  5:33  Supply Depot  
  38  5:38  SCV  
  39  5:47  Marine x2  
  39  5:48  Marine x2  
  43  5:50  SCV  
  43  5:55  Siege Tank  
  47  6:02  SCV  
  48  6:05  Marine x2  
  48  6:06  Marine x2  
  52  6:16  Starport  
  52  6:22  Orbital Command  
  52  6:23  Marine  
  52  6:24  Marine  
  54  6:34  Refinery  
  54  6:37  SCV  
  55  6:41  Marine x2  
  57  6:49  SCV  
  57  6:50  Siege Tank  
  61  6:59  Marine  
  61  7:01  SCV  
  63  7:02  Medivac  
  65  7:13  SCV  
  66  7:19  Supply Depot  
  66  7:22  Siege Tank  
  71  7:23  Marauder x2  
  71  7:25  SCV  
  74  7:32  Medivac  
  78  7:44  Marine, Marauder x2  
  78  7:45  Marine  
  82  8:02  Medivac, Marine  
  82  8:03  Marine  
  86  8:25  Marine  
  86  8:26  Marauder  
  89  8:28  Supply Depot  
  89  8:29  Marine x2  
  84  8:44  Marauder  
  84  8:47  Marine x2, Marauder  
  74  9:05  Marine x3  
  74  9:06  Missile Turret  
  74  9:08  Marine  
  71  9:22  Marine  
  71  9:23  Marine x2  
  71  9:26  Marine  
  72  9:40  Marine x2  
  72  9:41  Marine  
  75  9:50  Marine  
  76  9:58  Marine x3  
  79  10:04  Supply Depot  
  79  10:08  Marine  
  80  10:16  Marauder  
  82  10:26  Marauder  
  84  10:38  Marauder  
  86  10:48  Marauder  
  76  10:55  Marine x2  
  74  10:59  Marauder  
  76  11:09  Marauder  
  75  11:13  Marine x2  
  71  11:20  Marine  
  72  11:30  Marine x2  
  72  11:31  Marine  
  75  11:38  Marine  
  74  11:48  Marine x2  
  74  11:49  Marine  
  77  11:56  Marine  
  78  12:05  Marine  
  78  12:06  Marine x2  
  81  12:13  Marine  
  82  12:23  Marine  
  82  12:24  Marine x2  
  84  12:31  Missile Turret, Marine  
  79  12:41  Marine  
  79  12:42  Marine x2  
  67  12:49  Marine  
  54  12:59  Missile Turret, Marine  
  55  13:07  Marine  
  27  13:20  Reaper  
  27  13:21  Marine  
  27  13:25  Marine  
Show
View Real Time Build Order
Export as new Build Order

Tobis Terran 

Build Orders:  

Get SALT Encoding   

  12  0:01  SCV  
  13  0:13  SCV  
  14  0:29  Supply Depot  
  14  0:34  SCV  
  15  0:37  Supply Depot  
  15  0:51  SCV  
  16  0:58  Barracks  
  16  1:03  SCV  
  17  1:07  Barracks  
  17  1:15  SCV  
  17  1:17  Refinery  
  18  1:22  Refinery  
  18  1:27  SCV  
  20  1:40  SCV  
  20  1:54  SCV  
  20  2:00  Barracks Tech Lab  
  21  2:06  SCV  
  21  2:07  Supply Depot  
  22  2:24  SCV  
  23  2:32  Barracks Reactor  
  23  2:44  Combat Shields  
  23  2:45  Barracks  
  23  2:52  Engineering Bay  
  23  2:59  SCV  
  24  3:10  Factory  
  24  3:11  SCV  
  25  3:19  Marauder  
  27  3:24  Marine x2  
  29  3:41  Marauder  
  31  3:42  Marine x2  
  31  3:43  Factory  
  33  3:52  Barracks Tech Lab  
  33  3:59  Marine  
  33  4:00  Marine  
  33  4:02  Marauder  
  37  4:08  Command Center  
  37  4:12  Factory Tech Lab  
  37  4:33  Starport  
  37  4:36  Factory Tech Lab  
  37  4:42  Terran Infantry Weapons Level 1  
  37  4:43  Starport  
  37  4:47  Concussive Shells  
  37  4:54  Marauder  
  39  5:08  Supply Depot  
  39  5:20  Marauder  
  41  5:22  SCV  
  41  5:28  Refinery, SCV  
  43  5:31  Starport Reactor  
  43  5:34  Starport Reactor, SCV  
  44  5:41  Supply Depot  
  44  5:46  SCV  
  45  5:51  Marauder  
  45  5:53  Marauder  
  49  5:58  SCV  
  49  5:59  SCV  
  51  6:10  Refinery, SCV  
  52  6:11  SCV  
  52  6:18  Medivac  
  55  6:20  Medivac  
  55  6:23  SCV  
  58  6:43  SCV  
  59  6:48  Terran Infantry Armor Level 1  
  59  6:53  Medivac x2  
  63  6:55  SCV  
  63  6:58  Marauder  
  63  7:00  Marauder  
  68  7:06  Supply Depot  
  68  7:07  SCV  
  69  7:20  SCV  
  70  7:32  SCV  
  70  7:33  Supply Depot  
  70  7:34  Orbital Command  
  71  7:53  Armory  
  71  8:08  Supply Depot  
  71  8:13  SCV  
  72  8:23  Factory  
  72  8:25  SCV  
  73  8:32  Supply Depot  
  73  8:37  SCV  
  73  8:38  Marine x3  
  73  8:39  Marine  
  78  8:49  SCV  
  79  8:56  Marine x4  
  79  9:01  SCV  
  84  9:04  Viking x2  
  84  9:05  Viking x2  
  92  9:14  Marine x4  
  92  9:16  Supply Depot  
  96  9:32  Marine, Marauder  
  96  9:33  Marauder  
  96  9:35  Factory Tech Lab  
  96  9:37  Viking x2  
  105  9:43  Supply Depot  
  105  9:54  Marauder x2  
  109  10:25  Supply Depot  
  62  11:30  Supply Depot  
Show
View Real Time Build Order
Export as new Build Order

MikeVOL Protoss - Winner!

Build Orders:  

Get SALT Encoding   

  12  0:23  Probe (Chrono Boost)  
  13  0:33  Probe (Chrono Boost)  
  14  0:44  Probe (Chrono Boost)  
  15  0:57  Assimilator  
  15  1:06  Pylon  
  15  1:10  Pylon  
  15  1:18  Pylon  
  15  1:22  Assimilator  
  15  1:25  Probe (Chrono Boost)  
  16  1:27  Pylon  
  16  1:31  Forge  
  16  1:35  Probe (Chrono Boost)  
  17  1:46  Probe (Chrono Boost), Gateway  
  18  1:52  Gateway  
  18  1:56  Probe (Chrono Boost)  
  19  2:07  Probe (Chrono Boost)  
  19  2:08  Gateway  
  20  2:14  Gateway  
  20  2:24  Probe (Chrono Boost)  
  21  2:34  Probe (Chrono Boost)  
  22  2:39  Cybernetics Core  
  22  2:43  Protoss Ground Weapons Level 1  
  22  2:45  Probe (Chrono Boost)  
  23  2:53  Photon Cannon  
  23  3:06  Photon Cannon  
  23  3:14  Photon Cannon  
  23  3:25  Photon Cannon  
  23  3:37  Photon Cannon  
  23  3:54  Gateway  
  23  3:55  Zealot x2  
  29  4:02  Zealot  
  29  4:08  Sentry  
  31  4:23  Twilight Council  
  31  4:37  Protoss Ground Armor Level 1  
  31  5:04  Charge  
  31  5:05  Dark Shrine  
  31  5:27  Nexus  
  31  6:01  Assimilator  
  31  6:12  Assimilator  
  31  6:19  Dark Templar x4  
  39  6:41  Probe (Chrono Boost)  
  40  6:52  Dark Templar, Probe (Chrono Boost)  
  43  7:03  Probe (Chrono Boost)  
  44  7:13  Probe (Chrono Boost)  
  45  7:24  Probe (Chrono Boost)  
  44  8:00  Dark Templar x2  
  44  8:01  Dark Templar x3  
  50  8:39  Dark Templar, Zealot  
  50  8:40  Zealot x3  
  58  9:07  Zealot x2  
  62  9:27  Dark Templar  
  62  10:05  Pylon  
  62  10:08  Pylon  
  62  10:14  Pylon  
  62  10:17  Pylon  
  62  10:21  Pylon  
  62  10:23  Protoss Ground Weapons Level 2, Dark Templar x4  
  70  11:21  Dark Templar x4  
  70  11:22  Dark Templar  
  78  12:00  Dark Templar x2  
  78  12:01  Dark Templar  
  80  12:39  Protoss Ground Armor Level 2  
  34  14:05  Dark Templar  
  34  14:06  Dark Templar x4  
  44  14:45  Dark Templar x5  
  54  15:05  Nexus  
  54  15:24  Dark Templar x4  
Tags
 
Add a new tag
Caveats
  • Supply blocks, unpowered buildings, or Contaminate may cause inaccurate times.
  • Supply counts are checked every 10 seconds.